 Dungeon Crawl Stone Soup version 0.28.0 (webtiles) character file.

Game seed: 6110549365892618023

11321 HallandMoats the Warmonger (level 11, -7/85 HPs)
             Began as a Demonspawn Monk on Feb 7, 2022.
             Was a High Priest of Okawaru.
             Mangled by a skeletal warrior (18 damage)
             ... led by a skeletal warrior
             ... on level 11 of the Dungeon.
             The game lasted 00:20:34 (14432 turns).

HallandMoats the Warmonger (Demonspawn Monk)       Turns: 14432, Time: 00:20:35

Health: -7/85      AC: 14    Str: 20    XL:     11   Next: 47%
Magic:  21/21      EV: 23    Int: 12    God:    Okawaru [*****.]
Gold:   684        SH: 10    Dex: 17    Spells: 10/10 levels left

rFire   . . .      SeeInvis .   b - +1 hand axe (venom)
rCold   . . .      Faith    .   O - +0 buckler
rNeg    . . .      Spirit   .   L - +2 steam dragon scales
rPois   .          Reflect  .   (helmet restricted)
rElec   .          Harm     +   o - scarf {harm}
rCorr   .          Rampage  .   (no gloves)
Will    .....                   t - +0 pair of boots
Stlth   ++++......              (no amulet)
HPRegen 0.24/turn               q - +6 ring of strength
MPRegen 0.17/turn               n - +4 ring of evasion

@: heroic, studying Invocations
A: horns 2, yellow scales 2, foul stench 2, condensation shield
a: Renounce Religion, Heroism, Finesse, Duel


You were on level 11 of the Dungeon.
You worshipped Okawaru.
Okawaru was extremely pleased with you.
You visited 2 branches of the dungeon, and saw 12 of its levels.
You also visited: Ossuary.

You collected 739 gold pieces.
You spent 55 gold pieces at shops.

Inventory:

Hand Weapons
 a - the +6 hunting sling "Kirriupi" {speed, rCorr}
   (You found it on level 5 of the Dungeon)

   Attacks with this weapon are significantly faster.
   rCorr:     It protects you from acid and corrosion.
 b - a +1 hand axe of venom (weapon)
Missiles
 f - 42 sling bullets
 Q - a throwing net (quivered)
Armour
 h - a +0 cloak
 o - a scarf of harm (worn)
 t - a +0 pair of boots (worn)
 L - +2 steam dragon scales (worn)
 O - a +0 buckler (worn)
Jewellery
 d - a ring of flight
 n - a +4 ring of evasion (right hand)
 q - a +6 ring of strength (left hand)
 D - a ring of magical power
 N - a ring of fire
 R - a ring of magical power
Wands
 s - a wand of iceblast (5)
 w - a wand of mindburst (16)
 z - a wand of digging (11)
 E - a wand of flame (32)
 P - a wand of polymorph (9)
Scrolls
 c - 6 scrolls of identify
 g - 3 scrolls of amnesia
 i - a scroll of fog
 l - 4 scrolls of teleportation
 m - 2 scrolls of magic mapping
 x - a scroll of silence {unknown}
 A - 4 scrolls of blinking {unknown}
 F - a scroll of immolation {unknown}
 H - 2 scrolls of enchant weapon {unknown}
 I - a scroll of vulnerability {unknown}
 K - 2 scrolls of torment {unknown}
 M - a scroll of fear {unknown}
Potions
 e - 2 potions of attraction
 j - 2 potions of heal wounds {unknown}
 k - 6 potions of curing
 p - 5 potions of lignification
 r - a potion of flight {unknown}
 u - 2 potions of ambrosia
 v - 3 potions of might {unknown}
 y - a potion of cancellation {unknown}
 B - 2 potions of invisibility {unknown}
 C - a potion of magic
 G - a potion of mutation {unknown}
 J - a potion of resistance


   Skills:
 + Level 7.6(12.6) Fighting
 + Level 8.3(13.3) Axes
 * Level 4.7(9.7) Slings
 + Level 6.3(11.3) Armour
 + Level 7.0(12.0) Dodging
 - Level 1.7(6.7) Stealth
 + Level 2.3(7.3) Shields
 - Level 2.9(7.9) Unarmed Combat
 * Level 14.3 Invocations


You had 10 spell levels left.
You didn't know any spells.
Your spell library contained the following spells:

 Spells                   Type           Power      Damage    Failure   Level
 Blink                    Tloc           0%         N/A       52%         2
 Leda's Liquefaction      Hex/Erth       0%         N/A       99%         4
 Petrify                  Tmut/Erth      0%         N/A       99%         4
 Borgnjor's Vile Clutch   Necr/Erth      0%         N/A       100%        5
 Fireball                 Conj/Fire      0%         3d3       100%        5
 Iskenderun's Battlesphe  Conj           0%         2d6       100%        5
 Manifold Assault         Tloc           0%         N/A       100%        5
 Metabolic Englaciation   Hex/Ice        0%         N/A       100%        5
 Conjure Ball Lightning   Conj/Air       0%         3x3d6     100%        6
 Iron Shot                Conj/Erth      0%         9d1       100%        6
 Statue Form              Tmut/Erth      0%         N/A       100%        6
 Orb of Destruction       Conj           0%         9d5       100%        7
 Storm Form               Tmut/Air       0%         N/A       100%        7
 Animate Armour           Summ/Erth      Unusable   N/A       N/A         4

Dungeon Overview and Level Annotations

Branches:
Dungeon (11/15)            Temple (1/1) D:4            Lair (0/6) D:8
Ossuary (visited)
    Orc: D:9-12

Altars:
Ashenzari
Cheibriados
Dithmenos
Elyvilon
Fedhas
Gozag
Hepliaklqana
Kikubaaqudgha
Makhleb
Nemelex Xobeh
Okawaru
Qazlal
Ru
Sif Muna
Trog
Uskayaw
Vehumet
Wu Jian
Xom
Yredelemnul
Zin
The Shining One

Shops:
D:4 ?   D:8 ([   D:9 [

Annotations:
D:3 3 runed translucent doors, Minsecho's ghost, weakling HOMo


Innate Abilities, Weirdness & Mutations

You have a pair of horns on your head.
You are mostly covered in yellow scales. (AC +3)
You sometimes emit foul miasma when damaged in melee.
A meltable shield of frost defends you. (SH +4)


Message History

You hit the skeletal warrior but do no damage.
The skeletal warrior is severely damaged.
The skeletal warrior closely misses you.
You barely miss the skeletal warrior. You headbutt the skeletal warrior.
The skeletal warrior is severely damaged.
You hit the skeletal warrior.
The skeletal warrior is severely damaged.
You block the skeletal warrior's attack.
You barely miss the skeletal warrior.
You headbutt the skeletal warrior, but do no damage.
The skeletal warrior is severely damaged.
You block the skeletal warrior's attack.
You closely miss the skeletal warrior.
The skeletal warrior is severely damaged.
The skeletal warrior hits you with a +0 trident!!
* * * LOW HITPOINT WARNING * * *
You hit the skeletal warrior but do no damage.
The skeletal warrior is severely damaged.
You hit the skeletal warrior.
The skeletal warrior is severely damaged.
The skeletal warrior barely misses you.
You slash the skeletal warrior!
The skeletal warrior is almost destroyed.
The skeletal warrior closely misses you.
You hit the skeletal warrior but do no damage.
The skeletal warrior is almost destroyed.
You hit the skeletal warrior but do no damage.
You headbutt the skeletal warrior, but do no damage.
The skeletal warrior is almost destroyed.
The skeletal warrior completely misses you.
You hit the skeletal warrior but do no damage.
The skeletal warrior is almost destroyed.
You hit the skeletal warrior but do no damage.
You headbutt the skeletal warrior, but do no damage.
The skeletal warrior is almost destroyed.
The skeletal warrior misses you.
You completely miss the skeletal warrior.
The skeletal warrior is almost destroyed.
The skeletal warrior hits you with a +0 trident!
You die...

#..........## #...
#...........# ##...
##..........###....
##...........##....
####..................
##..........##.........
..........#####........
..###..### ##.......
#@.# ##......
......z..# ##.....
........## ##....
########. ##... . #...
## ####


You could see a skeletal warrior.

Vanquished Creatures
  Fannar (D:11)
  A centaur warrior (Arena)
  The ghost of PoweredByGinger the Cleaver, a novice DsGl of Trog (D:10)
  A skeletal warrior (D:10)
  A cyclops (D:11)
  3 gargoyles
  Maggie (D:7)
  An unseen horror (D:11)
  2 kobold demonologists
  Grinder (D:5)
  3 trolls
  A hornet (D:10)
  A shadow (D:11)
  A wyvern (D:11)
  A ynoxinul (D:10)
  5 yaks (D:8)
  An acid dragon (D:10)
  A water moccasin (D:7)
  3 orc warriors
  2 black bears
  2 ice beasts
  3 wolves
  4 centaurs
  2 ogres (D:6)
  2 gnoll sergeants
  2 scorpions
  A wyvern zombie (D:5)
  A water moccasin skeleton (D:5)
  3 killer bees (D:8)
  3 howler monkeys
  4 wights
  2 electric eels (D:8)
  2 bullfrog zombies (D:5)
  6 centaur zombies
  4 jellies
  8 hounds
  2 bullfrog skeletons
  2 orc priests
  2 gnoll shamans
  2 iguanas
  10 orc wizards
  A scorpion zombie (D:5)
  Terence (D:3)
  A hound zombie (D:5)
  2 mummies
  21 gnolls
  A howler monkey skeleton (D:6)
  8 adders
  A white imp (D:6)
  2 worms
  2 dart slugs
  26 orcs
  A spectral bat (Ossuary)
  4 ball pythons
  4 endoplasms
  2 giant cockroaches
  7 goblins
  4 hobgoblins
  4 kobolds
  A quokka (D:3)
  3 bats
  5 bat simulacra (Ossuary)
  2 frilled lizards
  12 gnoll zombies (Ossuary)
  4 goblin simulacra (Ossuary)
  3 goblin zombies (Ossuary)
  5 hobgoblin zombies (Ossuary)
  3 kobold simulacra (Ossuary)
  6 kobold zombies (Ossuary)
  4 orc zombies (Ossuary)
  3 rats
  2 rat simulacra (Ossuary)
  4 spectral kobolds (Ossuary)
  A spectral rat (Ossuary)
249 creatures vanquished.

Vanquished Creatures (others)
  4 plants
4 creatures vanquished.

Grand Total: 253 creatures vanquished

Notes
Turn   | Place    | Note
-------+----------+-------------------------------------------
     0 | D:1      | HallandMoats the Demonspawn Monk began the quest for the
                  | Orb.
     0 | D:1      | Reached XP level 1. HP: 18/18 MP: 1/1
   790 | D:1      | Gained mutation: You have a pair of small horns on your
                  | head. [demonic ancestry]
   790 | D:1      | Reached XP level 2. HP: 24/24 MP: 2/2
  1557 | D:2      | Reached skill level 1 in Armour
  1557 | D:2      | Reached XP level 3. HP: 29/29 MP: 3/3
  1909 | D:2      | Reached skill level 1 in Axes
  2123 | D:2      | Found a faded altar of an unknown god.
  2307 | D:3      | Found a runed translucent gate.
  2307 | D:3      | Found a runed translucent gate.
  2307 | D:3      | Found a runed translucent gate.
  2339 | D:2      | Gained mutation: You are partially covered in yellow
                  | scales. (AC +2) [demonic ancestry]
  2339 | D:2      | Reached XP level 4. HP: 24/35 MP: 4/4
  2920 | D:3      | Noticed Terence
  2929 | D:3      | Killed Terence
  2930 | D:3      | Reached XP level 5. HP: 27/42 MP: 5/5
  3333 | D:3      | Noticed Minsecho's ghost (weakling HOMo)
  3915 | D:4      | Gained mutation: You may rarely emit foul miasma when
                  | damaged in melee. [demonic ancestry]
  3915 | D:4      | Reached XP level 6. HP: 42/48 MP: 6/6
  4413 | D:4      | Found Quihuahu's Magic Scroll Emporium.
  4422 | D:4      | Bought a scroll of identify for 22 gold pieces
  4422 | D:4      | Bought a scroll of teleportation for 33 gold pieces
  4681 | D:4      | Found a staircase to the Ecumenical Temple.
  4823 | Temple   | Entered the Ecumenical Temple
  5231 | Temple   | Became a worshipper of Warmaster Okawaru
  5231 | Temple   | Reached * piety under Okawaru
  5231 | Temple   | Reached ** piety under Okawaru
  5300 | D:5      | Entered Level 5 of the Dungeon
  5406 | D:5      | Gained mutation: You are mostly covered in yellow scales.
                  | (AC +3) [demonic ancestry]
  5406 | D:5      | Reached XP level 7. HP: 49/55 MP: 7/7
  5632 | D:5      | Noticed Grinder
  5640 | D:5      | Killed Grinder
  5641 | D:5      | Reached skill level 1 in Invocations
  5717 | D:5      | Reached *** piety under Okawaru
  5841 | D:5      | Reached skill level 2 in Invocations
  6017 | D:5      | Identified the +6 hunting sling "Kirriupi" {speed, rCorr}
  6032 | D:5      | Reached skill level 5 in Fighting
  6032 | D:5      | Gained mutation: You sometimes emit foul miasma when
                  | damaged in melee. [demonic ancestry]
  6032 | D:5      | Reached XP level 8. HP: 40/62 MP: 9/9
  6207 | D:5      | Reached skill level 5 in Axes
  6284 | D:5      | Noticed a kobold demonologist
  6292 | D:5      | Noticed an ice devil
  6295 | D:5      | Reached skill level 3 in Invocations
  6297 | D:5      | Killed a kobold demonologist
  6526 | D:6      | Reached **** piety under Okawaru
  6527 | D:6      | Reached skill level 5 in Dodging
  6527 | D:6      | Reached skill level 4 in Invocations
  6562 | D:6      | Reached skill level 5 in Invocations
  7057 | D:6      | Gained mutation: You have a pair of horns on your head.
                  | [demonic ancestry]
  7057 | D:6      | Reached XP level 9. HP: 37/69 MP: 13/13
  7240 | D:6      | Reached skill level 6 in Invocations
  7289 | D:6      | Reached skill level 7 in Invocations
  7637 | D:7      | Noticed a kobold demonologist
  7646 | D:7      | Killed a kobold demonologist
  7749 | D:7      | Reached skill level 8 in Invocations
  7789 | D:7      | Noticed Maggie
  7879 | D:7      | Found a sand-covered staircase.
  7897 | Ossuary  | Entered an ossuary
  7996 | Ossuary  | Reached ***** piety under Okawaru
  8680 | D:7      | HP: 5/103 [poisoned by Maggie]
  8687 | D:7      | Killed Maggie
  8688 | D:7      | Reached skill level 5 in Armour
  8688 | D:7      | Reached skill level 9 in Invocations
  9366 | D:8      | Found Dejoar's Antique Armour Shoppe.
  9548 | D:8      | Noticed a troll
  9655 | D:7      | Killed a troll
  9656 | D:7      | Reached skill level 10 in Invocations
  9809 | D:8      | Reached XP level 10. HP: 57/77 MP: 17/17
  9980 | D:8      | Found a staircase to the Lair.
 10428 | D:8      | Found Ojay's Weapon Boutique.
 10641 | D:8      | Noticed a gargoyle
 10653 | D:8      | Killed a gargoyle
 10654 | D:8      | Reached skill level 1 in Slings
 10831 | D:8      | Reached skill level 11 in Invocations
 10897 | D:8      | Noticed a centaur warrior
 10906 | Arena    | Entered the Arena
 10911 | Arena    | Killed a centaur warrior
 11429 | D:8      | Reached skill level 12 in Invocations
 11667 | D:9      | Found Par Fung's Antique Armour Shop.
 12286 | D:10     | Entered Level 10 of the Dungeon
 12307 | D:10     | Noticed a gargoyle
 12314 | D:10     | Killed a gargoyle
 12314 | D:10     | Received a gift from Okawaru
 12384 | D:10     | Found a sacrificial altar of Ru.
 12466 | D:10     | Reached skill level 1 in Shields
 12487 | D:10     | Reached skill level 13 in Invocations
 12800 | D:10     | Found a runed translucent door.
 12803 | D:10     | Noticed PoweredByGinger's ghost (novice DsGl)
 13120 | D:11     | Noticed a gargoyle
 13126 | D:11     | Killed a gargoyle
 13127 | D:11     | Gained mutation: A meltable shield of frost defends you.
                  | (SH +4) [demonic ancestry]
 13127 | D:11     | Reached XP level 11. HP: 84/84 MP: 20/20
 13317 | D:11     | Noticed Fannar
 13337 | D:11     | Killed Fannar
 13371 | D:11     | Noticed a skeletal warrior
 13379 | D:11     | Noticed a skeletal warrior
 13384 | D:11     | Noticed a skeletal warrior
 13406 | D:10     | Killed a skeletal warrior
 13658 | D:10     | Killed PoweredByGinger's ghost
 13659 | D:10     | Reached skill level 14 in Invocations
 13677 | D:10     | Got Vefir's Disquisition on Clay
 14007 | D:11     | Received a gift from Okawaru
 14432 | D:11     | Mangled by a skeletal warrior

Illustrated notes

Levels and vault maps discovered:
D:1:      heliophobic_arrival_enchanted_forest, layout_basic, serial_forest,
          infiniplex_forest_join, infiniplex_forest_lined_2,
          infiniplex_forest_clump_double, infiniplex_forest_lined_room_2,
          infiniplex_forest_join, infiniplex_forest_clump_large,
          infiniplex_forest_clump_double, st_stairs_5
D:2:      layout_loops_corners, basic_ecumenical_altar,
          minmay_misc_feat_encased, minmay_domino_2
D:3:      layout_basic, gammafunk_ghost_icy, uniq_terence
D:4:      layout_basic, temple_hall, serial_shops, nicolae_lakefront_shop
D:5:      layout_basic, minmay_manual_mullet, uniq_grinder
D:6:      layout_basic
D:7:      layout_loops_ring, gup_ossuary_entry_pyramid, uniq_maggie
D:8:      layout_basic, erik_lair_island, serial_shops, nicolae_stop_n_shop_2,
          shop, minivault_5, amcnicky_mini_corridor_feature
D:9:      layout_gridville, serial_shops, nicolae_diamond_shop
D:10:     layout_long_grid, mainiacjoe_overflow_paths, hellmonk_ghost_big_iron
D:11:     layout_layer_cave, minivault_26, grunt_ministairs_13, uniq_fannar
Temple:   mainiacjoe_temple_trianglar_array

Skill      XL: |  1  2  3  4  5  6  7  8  9 10 11 |
---------------+----------------------------------+-----
Dodging        | 3 4 5 6 7 |  7.0
Armour         | 1 2 3 4 5 6 |  6.3
Axes           | 1 2 3 4 6 7 8 |  8.3
Fighting       | 4 5 6 7 |  7.6
Invocations    | 2 5 10 13 14 | 14.3
Slings         | 3 4 |  4.7
Shields        | 1 2 |  2.3
Stealth        | |  1.7
Unarmed Combat | |  2.9

Action                   |  1- 3 |  4- 6 |  7- 9 | 10-12 || total
-------------------------+-------+-------+-------+-------++-------
Melee: Unarmed           |    35 |       |       |       ||    35
       Headbutt          |    11 |    23 |    89 |    30 ||   153
       Hand axe          |    42 |   114 |   389 |   121 ||   666
       Punch             |     1 |     5 |     8 |       ||    14
 Fire: Hunting sling     |       |       |       |   244 ||   244
Invok: Heroism           |       |       |     1 |     3 ||     4
       Duel              |       |       |       |     1 ||     1
       Finesse           |       |       |       |     1 ||     1
  Use: Potion            |     2 |       |     4 |     2 ||     8
       Scroll            |       |     4 |     1 |       ||     5
 Stab: Sleeping          |     1 |       |     6 |       ||     7
       Distracted        |       |       |     1 |       ||     1
Armor: Robe              |     3 |       |       |       ||     3
       Ring mail         |    16 |    30 |   102 |       ||   148
       Steam dragon scal |       |       |    15 |    52 ||    67
       Skin              |       |       |     2 |       ||     2
Dodge: Dodged            |    55 |    64 |   415 |   115 ||   649
Block: Buckler           |       |       |       |    36 ||    36
